[Event "GMI 90 ans"]
[Site "Paris"]
[Date "2015.??.??"]
[Round "3"]
[White "Kambrath, Yannick"]
[Black "Gharamian, Tigran"]
[Result "1/2-1/2"]
[ECO "D38"]
[WhiteElo "2399"]
[BlackElo "2649"]
[PlyCount "113"]
[EventDate "2015.07.04"]
[EventType "tourn"]
[EventCountry "FRA"]
[TimeControl "5430"]

1. d4 Nf6 2. c4 e6 3. Nf3 d5 4. Nc3 Bb4 5. Qa4+ Nc6 6. Ne5 Bd7 7. Nxd7 Qxd7 8.
e3 O-O 9. a3 Bxc3+ 10. bxc3 a6 11. Be2 Rfe8 12. cxd5 exd5 13. c4 Qf5 14. Qd1
dxc4 15. Bxc4 Rad8 16. O-O Ne5 17. Ba2 c5 18. Bb2 cxd4 19. Bxd4 b5 20. Rc1 Rc8
21. Qe2 h6 22. h3 Ned7 23. Qb2 Nf8 24. Rxc8 Rxc8 25. Rc1 Rxc1+ 26. Qxc1 Qd7 27.
Qc3 Ne8 28. Bb3 Ne6 29. Be5 Kh8 30. Bc2 Kg8 31. Be4 f6 32. Bg3 g5 33. Qb3 Kf7
34. Bb1 N8g7 35. Qc2 Nf8 36. Ba2+ Nge6 37. Bc7 Qc8 38. Qc3 Kg7 39. Ba5 Qxc3 40.
Bxc3 Nc5 41. Kf1 Nfd7 42. Ke2 Kf8 43. f3 Ke7 44. e4 Ne5 45. Ke3 Na4 46. Bd4 Nc6
47. g3 Nxd4 48. Kxd4 Kd6 49. f4 gxf4 50. gxf4 Nb6 51. e5+ Ke7 52. Bb3 Nd7 53.
Bd5 a5 54. Bb3 fxe5+ 55. fxe5 b4 56. axb4 axb4 57. Kd5 1/2-1/2